 Dungeon Crawl Stone Soup version 0.31-a0-1207-g4ab8c38 (webtiles) character file.

Game seed: 6854990704132515285

407 edsrzf the Conjurer (level 6, -1/36 HPs)
             Began as an Octopode Air Elementalist on Dec 13, 2023.
             Was a Follower of Cheibriados.
             Slain by Edmund
             ... wielding a +1 flail of protection
              (11 damage)
             ... on level 4 of the Dungeon.
             The game lasted 00:08:40 (4423 turns).

edsrzf the Conjurer (Octopode Air Elementalist)     Turns: 4423, Time: 00:08:44

Health: -1/36      AC:  1    Str: 10    XL:     6   Next: 88%
Magic:  9/13       EV: 13    Int: 22    God:    Cheibriados [*.....]
Gold:   252        SH:  0    Dex: 16    Spells: 13/14 levels left

rFire   . . .        (no weapon)
rCold   . . .        (no shield)
rNeg    . . .        (helmet restricted)
rPois   .            e - amulet of magic regeneration
rElec   .            (no ring)
rCorr   .            (no ring)
SInv    .            (no ring)
Will    .....        (no ring)
Stlth   +++          (no ring)
HPRegen 0.26/turn    (no ring)
MPRegen 0.53/turn    (no ring)
                     (no ring)

%: no passive effects
@: very slow
A: almost no armour, amphibious, 8 rings, camouflage 1, gelatinous body 1,
(nimble swimmer 1), tentacles
a: Renounce Religion, Bend Time


You were on level 4 of the Dungeon.
You worshipped Cheibriados.
Cheibriados was aware of your devotion.
You visited 1 branch of the dungeon, and saw 4 of its levels.

You collected 252 gold pieces.

Inventory:

Missiles
 h - 2 boomerangs
 s - 5 poisoned darts
Jewellery
 e - an amulet of magic regeneration (around mantle)
Scrolls
 b - a scroll of enchant weapon {unknown}
 c - 2 scrolls of identify
 d - a scroll of summoning {unknown}
 f - 2 scrolls of vulnerability
 g - a scroll of amnesia {unknown}
 l - a scroll of immolation {unknown}
 r - a scroll of teleportation {unknown}
 t - a scroll of poison {unknown}
 u - a scroll of silence {unknown}
 v - a scroll of torment {!r}
 w - a scroll of enchant armour {unknown}
Potions
 a - 2 potions of magic
 i - a potion of lignification
 j - a potion of curing {unknown}
 k - a potion of heal wounds {unknown}
 m - a potion of resistance {unknown}
 n - 2 potions of enlightenment {unknown}
 o - a potion of berserk rage {unknown}
 p - a potion of degeneration {unknown}
 q - a potion of mutation {unknown}


   Skills:
 - Level 2.0 Dodging
 - Level 2.6 Stealth
 + Level 4.8 Spellcasting
 + Level 4.8 Conjurations
 - Level 3.0 Air Magic


You had 13 spell levels left.
You knew the following spells:

 Your Spells              Type           Power      Damage    Failure   Level
X - Shock                 Conj/Air       88%        1d8       1%          1

Your spell library contained the following spells:

 Spells                   Type           Power      Damage    Failure   Level
 Static Discharge         Conj/Air       44%        3-5/arc   3%          2
 Swiftness                Air            18%        N/A       9%          3
 Airstrike                Air            9%         2d(2-18)  30%         4


Dungeon Overview and Level Annotations

Branches:
Dungeon (4/15)
 Temple: D:4-7

Altars:
Ashenzari
Cheibriados
Trog

Shops:
D:1 :   D:2 [

Annotations:
D:3 Natasha
D:4 Edmund


Innate Abilities, Weirdness & Mutations

You cannot wear most types of armour.
You are amphibious.
You can wear up to eight rings at the same time.
Your skin changes colour to match your surroundings (Stealth+).
Your rubbery body absorbs attacks. (AC +1, EV +1)
((You are camouflaged when in or above water. (Stealth+)))
You have tentacles for arms and can constrict up to eight enemies at once.


Message History

Press: ? - help, Shift-Dir - straight line, f/p - gnoll bouda
Aim: a gnoll bouda, wielding a +0 whip and wearing a +0 leather armour (lightly wounded, 75% to hit)
The zap hits the gnoll.
The gnoll is severely wounded.
The zap hits the gnoll.
The gnoll is almost dead.
The zap hits the gnoll bouda.
The gnoll bouda is heavily wounded.
Casting: Shock (safe; 2% risk of failure)
Confirm with . or Enter, or press ? or * to list all spells.
Aiming: Shock (safe; 2% risk of failure)
Press: ? - help, Shift-Dir - straight line, f/p - gnoll bouda
Aim: a gnoll bouda, wielding a +0 whip and wearing a +0 leather armour (heavily wounded, 75% to hit)
The zap hits the gnoll!
You kill the gnoll!
Cheibriados appreciates the change of pace.
The zap hits the gnoll.
You kill the gnoll!
Cheibriados appreciates the change of pace.
The zap hits the gnoll bouda.
The gnoll bouda is heavily wounded.
A gnoll comes into view. It is wielding a +0 whip.
Casting: Shock (safe; 2% risk of failure)
Confirm with . or Enter, or press ? or * to list all spells.
The zap hits the gnoll bouda.
The gnoll bouda is severely wounded.
Edmund the Younger comes into view.
He is wielding a +1 flail of protection.
Casting: Shock (safe; 2% risk of failure)
Confirm with . or Enter, or press ? or * to list all spells.
Okay, then.
Casting: Shock (safe; 2% risk of failure)
Confirm with . or Enter, or press ? or * to list all spells.
The zap hits the gnoll bouda.
The gnoll bouda is severely wounded.
The zap hits the gnoll.
The gnoll is moderately wounded.
Unknown command.
The gnoll bouda calls upon its god to heal the gnoll.
The gnoll's wounds heal themselves!
Casting: Shock (safe; 2% risk of failure)
Confirm with . or Enter, or press ? or * to list all spells.
The zap hits the gnoll.
The gnoll is moderately wounded.
The zap misses the gnoll bouda.
Casting: Shock (safe; 2% risk of failure)
Confirm with . or Enter, or press ? or * to list all spells.
Aiming: Shock (safe; 2% risk of failure)
Press: ? - help, Shift-Dir - straight line, f - Edmund, p - gnoll
Aim: Edmund, wielding a +1 flail of protection and wearing a +0 scale mail (75% to hit)
The zap hits the gnoll.
The gnoll is severely wounded.
The zap hits the gnoll bouda.
The gnoll bouda is almost dead.
The zap hits Edmund.
Edmund is lightly wounded.
Casting: Shock (safe; 2% risk of failure)
Confirm with . or Enter, or press ? or * to list all spells.
Aiming: Shock (safe; 2% risk of failure)
Press: ? - help, Shift-Dir - straight line, f/p - Edmund
Aim: Edmund, wielding a +1 flail of protection and wearing a +0 scale mail (lightly wounded, 75% to hit)
The zap hits the gnoll bouda!
You kill the gnoll bouda!
Cheibriados appreciates the change of pace.
Cheibriados raises the support of your attributes as your movement slows.
The zap misses Edmund.
The gnoll hits you with a +0 club.
You tentacle-slap the gnoll. You grab the gnoll. You squeeze the gnoll.
You kill the gnoll!
Cheibriados appreciates the change of pace.
Casting: Shock (safe; 1% risk of failure)
Confirm with . or Enter, or press ? or * to list all spells.
Aiming: Shock (safe; 1% risk of failure)
Press: ? - help, Shift-Dir - straight line, f/p - Edmund
Aim: Edmund, wielding a +1 flail of protection and wearing a +0 scale mail (lightly wounded, 77% to hit)
The zap hits the gnoll.
The gnoll is heavily wounded.
The zap hits Edmund.
Edmund is lightly wounded.
The gnoll hits you with a +0 whip.
Casting: Shock (safe; 1% risk of failure)
Confirm with . or Enter, or press ? or * to list all spells.
Aiming: Shock (safe; 1% risk of failure)
Press: ? - help, Shift-Dir - straight line, f/p - Edmund
Aim: Edmund, wielding a +1 flail of protection and wearing a +0 scale mail (lightly wounded, 77% to hit)
The zap hits the gnoll.
The gnoll is almost dead.
The zap misses Edmund.
The gnoll hits you with a +0 whip!
You tentacle-slap the gnoll.
You kill the gnoll!
Cheibriados appreciates the change of pace.
Edmund barely misses you.
Press: ? - help, v - describe, . - travel
Here: Edmund, wielding a +1 flail of protection and wearing a +0 scale mail (lightly wounded)
The floor.
As you read the scroll labelled TIOXZI PAWYUCW, it crumbles to dust.
Your body is wracked with pain!
* * * LOW HITPOINT WARNING * * *
Edmund convulses!
It was a scroll of torment.
Edmund hits you with a +1 flail of protection!
You die...
Edmund says, "That'll show my brother!"

.....#...#......#
###....#...#.g.>..#
..+....#...# .....#
..#....#...# ....#
..#....#...# )..#
..#....#...#####)##
..#....#...##...).#
..+....#...'...@).#
..#....'..)##..)@##
..#....#...#######
>.'....#.........
..#....#.........
'##....###+###...
.......# ##
.......# .......#
.......#


You could see Edmund.

Vanquished Creatures
  A gnoll bouda (D:4)
  2 hounds
  An orc priest (D:3)
  An iguana (D:4)
  2 orc wizards (D:3)
  11 gnolls
  3 adders
  3 dart slugs
  11 orcs
  6 ball pythons
  5 endoplasms
  A giant cockroach (D:2)
  3 goblins (D:1)
  4 hobgoblins
  4 kobolds
  2 quokkas
  3 bats
  5 frilled lizards
  7 rats
75 creatures vanquished.

Notes
Turn   | Place    | Note
-------+----------+-------------------------------------------
     0 | D:1      | edsrzf the Octopode Air Elementalist began the quest for
                  | the Orb.
     0 | D:1      | Reached XP level 1. HP: 11/11 MP: 3/3
   169 | D:1      | Reached XP level 2. HP: 17/17 MP: 0/5
   799 | D:1      | Found Cofrid's Book Boutique.
   801 | D:1      | Reached skill level 2 in Conjurations
  1220 | D:2      | Reached XP level 3. HP: 21/21 MP: 3/6
  1681 | D:2      | Found Hagoh's Antique Armour Emporium.
  2078 | D:3      | Reached skill level 3 in Spellcasting
  2288 | D:3      | Reached XP level 4. HP: 27/27 MP: 4/8
  2298 | D:3      | Reached skill level 3 in Conjurations
  2540 | D:3      | Noticed Natasha
  2549 | D:3      | Found a bloodstained altar of Trog.
  2672 | D:3      | Found a snail-covered altar of Cheibriados.
  2689 | D:3      | Became a worshipper of Cheibriados the Contemplative
  2712 | D:3      | Reached XP level 5. HP: 20/31 MP: 10/10
  2824 | D:3      | Reached skill level 4 in Spellcasting
  2935 | D:3      | Reached skill level 4 in Conjurations
  3335 | D:3      | Reached XP level 6. HP: 31/36 MP: 9/12
  3728 | D:4      | Identified 3 scrolls of identify
  3728 | D:4      | Identified 2 scrolls of vulnerability
  3729 | D:4      | Identified a potion of lignification
  3731 | D:4      | Identified a potion of ambrosia
  3737 | D:4      | Reached * piety under Cheibriados
  4130 | D:4      | Found a broken altar of Ashenzari.
  4413 | D:4      | Noticed Edmund
  4423 | D:4      | Identified 2 scrolls of torment
  4423 | D:4      | Slain by Edmund

Illustrated notes

Levels and vault maps discovered:
D:1:      heliophobic_arrival_ceremonial_halls, layout_basic, serial_shops,
          shop, amethyst_killhole, nicolae_kite_square_tiling_tiny,
          chequers_jeans
D:2:      layout_loops_ring, serial_shops, shop
D:3:      layout_basic, mainiacjoe_overflow_small_starburst,
          lemuel_crystal_altar, kennysheep_generic_room_9, uniq_natasha
D:4:      layout_gridville, ashenzari_altar_1, uniq_edmund

Skill      XL: |  1  2  3  4  5 |
---------------+----------------+-----
Conjurations   | 2 3 4 |  4.8
Spellcasting   | 3 4 |  4.8
Dodging        | |  2.0
Stealth        | |  2.6
Air Magic      | |  3.0

Action                     |  1- 3 |  4- 6 || total
---------------------------+-------+-------++-------
  Melee: Unarmed           |     3 |    64 ||    67
         Tentacles         |     2 |    13 ||    15
         Constrict         |     1 |    12 ||    13
   Cast: Shock             |    68 |    75 ||   143
    Use: Scroll            |       |     2 ||     2
         Potion            |       |     2 ||     2
   Stab: Sleeping          |       |     1 ||     1
 Armour: Skin              |     5 |    69 ||    74
  Dodge: Dodged            |     7 |    45 ||    52

Table legend: (Time is in decaauts)
 A = Elapsed time spent in this place.
 B = Non-inter-level travel time spent in this place.
 C = Inter-level travel time spent in this place.
 D = Time resting spent in this place.
 E = Time spent auto-exploring this place.
 F = Levels seen in this place.
 G = Mean time per level.
                   A        B        C        D        E       F      G
               +--------+--------+--------+--------+--------+-----+--------+
         Total |   4785 |   4636 |    149 |    786 |   3350 |   4 | 1196.2 |
       Dungeon |   4785 |   4636 |    149 |    786 |   3350 |   4 | 1196.2 |
               +--------+--------+--------+--------+--------+-----+--------+

Top non-repeatable levels by time:
     D:3: 1693 daAuts
     D:1: 1162 daAuts
     D:2: 1052 daAuts
     D:4: 878 daAuts
